 Dungeon Crawl Stone Soup version 0.31-a0-875-g02e7d12df6 (webtiles) character file.

Game seed: 14189382494272936164

347 Azuregosa the Insei (level 6, -13/53 HPs)
             Began as a Gnoll Monk on Oct 12, 2023.
             Was a Priest of Lugonu.
             Killed from afar by a steam dragon (17 damage)
             ... with a ball of steam
             ... on level 4 of the Dungeon.
             The game lasted 00:08:30 (2782 turns).

Azuregosa the Insei (Gnoll Monk)                    Turns: 2782, Time: 00:08:31

Health: -13/53     AC:  5    Str: 12    XL:     6   Next: 59%
Magic:  9/9        EV: 14    Int: 10    God:    Lugonu [***...]
Gold:   180        SH:  0    Dex: 14    Spells: 9/9 levels left

rFire   . . .        v - staff of poison
rCold   . . .        c - orb {light}
rNeg    . . .        i - +0 leather armour
rPois   +            f - +0 hat
rElec   .            w - +0 cloak
rCorr   .            j - +0 pair of gloves
SInv    .            (no boots)
Will    .....        (no amulet)
Stlth   +            (no ring)
HPRegen 0.28/turn    (no ring)
MPRegen 0.11/turn

%: no passive effects
@: glowing
A: fangs 1, strong nose, distributed training
a: Renounce Religion, Depart the Abyss, Banish


You were on level 4 of the Dungeon.
You worshipped Lugonu.
Lugonu was most pleased with you.
You visited 1 branch of the dungeon, and saw 4 of its levels.

You collected 180 gold pieces.

Inventory:

Hand Weapons
 d - a +0 dagger
 h - a +0 long sword
Armour
 a - a +0 robe
 c - an orb of light (worn)
 f - a +0 hat (worn)
 i - a +0 leather armour (worn)
 j - a +0 pair of gloves (worn)
 w - a +0 cloak (worn)
Magical Staves
 v - a staff of poison (weapon)
Jewellery
 m - a ring of positive energy
 n - a +6 ring of dexterity
Wands
 q - a wand of flame (3)
Scrolls
 e - 3 scrolls of identify {unknown}
 r - a scroll of poison {unknown}
 s - a scroll of teleportation {unknown}
 u - a scroll of summoning {unknown}
Potions
 b - a potion of ambrosia
 g - a potion of heal wounds {unknown}
 k - a potion of resistance {unknown}
 l - a potion of mutation {unknown}
 o - 2 potions of lignification
 p - 3 potions of curing {unknown}
 t - 3 potions of brilliance {unknown}


   Skills:
 + Level 6.9 Fighting
 + Level 2.1 Short Blades
 + Level 2.1 Long Blades
 + Level 2.1 Axes
 + Level 2.1 Maces & Flails
 + Level 2.1 Polearms
 + Level 2.1 Staves
 + Level 2.1 Ranged Weapons
 + Level 2.1 Throwing
 + Level 2.1 Armour
 + Level 6.9 Dodging
 + Level 2.1 Stealth
 + Level 2.1 Shields
 + Level 6.9 Unarmed Combat
 + Level 2.1 Spellcasting
 + Level 1.6 Conjurations
 + Level 1.6 Hexes
 + Level 1.6 Summonings
 + Level 1.6 Necromancy
 + Level 1.6 Translocations
 + Level 1.6 Transmutations
 + Level 1.6 Fire Magic
 + Level 1.6 Ice Magic
 + Level 1.6 Air Magic
 + Level 1.6 Earth Magic
 + Level 1.6 Poison Magic
 + Level 2.3 Invocations
 + Level 2.1 Evocations
 + Level 1.9 Shapeshifting


You had 9 spell levels left.
You didn't know any spells.
Your spell library was empty.

Dungeon Overview and Level Annotations

Branches:
Dungeon (4/15)
 Temple: D:4-7

Altars:
Dithmenos
Gozag
Qazlal
Zin
Lugonu

Shops:
D:4 !

Annotations:
D:4 Pikel


Innate Abilities, Weirdness & Mutations

You have very sharp teeth.
Your uncanny sense of smell can sniff out nearby items.
Your experience applies equally to all skills.


Message History

Aiming: Throw Flame
Press: ? - help, Shift-Dir - straight line, f - steam dragon
Aim: a steam dragon (moderately wounded, haloed, 81% to hit)
The puff of flame hits the steam dragon.
The steam dragon is moderately wounded.
You are engulfed in a cloud of scalding steam.
The worm bites you but does no damage.
The steam dragon bites you but does no damage.
The steam dragon claws you but does no damage.
Hit: v) staff of poison
Press: ? - help, Dir - move target, f/p - steam dragon
Aim: a steam dragon (moderately wounded, haloed, about 18% to evade your staff of poison)
You hit the steam dragon but do no damage.
The steam dragon is moderately wounded.
The steam dragon breathes steam at you.
The ball of steam hits you but does no damage.
Hit: v) staff of poison
Press: ? - help, Dir - move target, f/p - steam dragon
Aim: a steam dragon (moderately wounded, haloed, about 18% to evade your staff of poison)
You hit the steam dragon but do no damage.
The steam dragon is moderately wounded.
You are engulfed in a cloud of scalding steam.
* * * LOW HITPOINT WARNING * * *
The worm barely misses you. The steam dragon bites you.
* * * LOW HITPOINT WARNING * * *
The steam dragon claws you but does no damage.
Hit: v) staff of poison
Press: ? - help, Dir - move target, f/p - steam dragon
Aim: a steam dragon (moderately wounded, haloed, about 18% to evade your staff of poison)
You hit the steam dragon but do no damage.
The steam dragon is moderately wounded.
You are engulfed in a cloud of scalding steam.
You feel less wooden.
Your +0 cloak unmelds from your body.
Your +0 hat unmelds from your body.
Your +0 pair of gloves unmelds from your body.
Your +0 leather armour unmelds from your body.
The worm closely misses you. The steam dragon breathes steam at you.
The ball of steam hits you!
You die...

....<#..[..##
............##
.............#
.............#
.............#
#..........#
#...).§§..#
#...D@<§[#
#)#)w§.§##
#######


You could see a steam dragon (catching breath) and a worm.

Vanquished Creatures
  Sigmund (D:2)
  A scorpion (D:3)
  Jessica (D:2)
  Robin (D:2)
  2 adders (D:2)
  2 worms (D:3)
  A dart slug (D:1)
  An orc (D:4)
  3 ball pythons
  5 endoplasms
  5 giant cockroaches
  8 hobgoblins
  7 kobolds
  A quokka (D:2)
  3 bats
  2 frilled lizards
  13 goblins
  A rat (D:3)
58 creatures vanquished.

Vanquished Creatures (others)
  2 orcs (D:4)
2 creatures vanquished.

Grand Total: 60 creatures vanquished

Notes
Turn   | Place    | Note
-------+----------+-------------------------------------------
     0 | D:1      | Azuregosa the Gnoll Monk began the quest for the Orb.
     0 | D:1      | Reached XP level 1. HP: 23/23 MP: 1/1
   154 | D:1      | Found a faded altar of an unknown god.
   216 | D:1      | Prayed at the altar of an unknown god.
   216 | D:1      | Became a worshipper of Lugonu the Unformed
   216 | D:1      | Reached * piety under Lugonu
   216 | D:1      | Reached ** piety under Lugonu
   339 | D:1      | Reached XP level 2. HP: 29/29 MP: 2/2
   428 | D:1      | Reached *** piety under Lugonu
   799 | D:2      | Reached XP level 3. HP: 30/35 MP: 3/3
   825 | D:2      | Noticed Jessica
   830 | D:2      | Killed Jessica
   831 | D:2      | Reached skill level 1 in Short Blades
   831 | D:2      | Reached skill level 1 in Long Blades
   831 | D:2      | Reached skill level 1 in Axes
   831 | D:2      | Reached skill level 1 in Maces & Flails
   831 | D:2      | Reached skill level 1 in Polearms
   831 | D:2      | Reached skill level 1 in Staves
   831 | D:2      | Reached skill level 1 in Ranged Weapons
   831 | D:2      | Reached skill level 1 in Throwing
   831 | D:2      | Reached skill level 1 in Armour
   831 | D:2      | Reached skill level 1 in Stealth
   831 | D:2      | Reached skill level 1 in Shields
   831 | D:2      | Reached skill level 1 in Spellcasting
   831 | D:2      | Reached skill level 1 in Invocations
   831 | D:2      | Reached skill level 1 in Evocations
   892 | D:2      | Noticed Sigmund
   899 | D:2      | Killed Sigmund
   900 | D:2      | Reached skill level 1 in Conjurations
   900 | D:2      | Reached skill level 1 in Hexes
   900 | D:2      | Reached skill level 1 in Summonings
   900 | D:2      | Reached skill level 1 in Necromancy
   900 | D:2      | Reached skill level 1 in Translocations
   900 | D:2      | Reached skill level 1 in Transmutations
   900 | D:2      | Reached skill level 1 in Fire Magic
   900 | D:2      | Reached skill level 1 in Ice Magic
   900 | D:2      | Reached skill level 1 in Air Magic
   900 | D:2      | Reached skill level 1 in Earth Magic
   900 | D:2      | Reached skill level 1 in Poison Magic
   900 | D:2      | Reached skill level 1 in Shapeshifting
   900 | D:2      | Reached XP level 4. HP: 41/41 MP: 4/6
   900 | D:2      | Reached XP level 5. HP: 47/47 MP: 4/7
  1007 | D:2      | Reached XP level 6. HP: 53/53 MP: 8/8
  1181 | D:2      | Found a stormy altar of Qazlal.
  1243 | D:2      | Noticed Robin
  1268 | D:2      | Killed Robin
  2108 | D:3      | Found an opulent altar of Gozag.
  2108 | D:3      | Found a glowing silver altar of Zin.
  2327 | D:3      | Found a shadowy altar of Dithmenos.
  2717 | D:4      | Found Joshus's Distillery.
  2718 | D:4      | Noticed Pikel
  2755 | D:4      | Noticed a steam dragon
  2782 | D:4      | Killed from afar by a steam dragon

Illustrated notes

Levels and vault maps discovered:
D:1:      shiori_arrival_whats_in_store_for_you, layout_loops_ring,
          shapermc_ecumenical_altar_flowoftime
D:2:      layout_loops_ring, basic_altar, uniq_robin, uniq_jessica, uniq_sigmund
D:3:      layout_loops_corners, grunt_temple_overflow_gold_and_silver,
          mainiacjoe_overflow_alcove_2
D:4:      layout_rooms, mainiacjoe_overflow_paths, mainiacjoe_overflow_24_doors,
          serial_shops, shop, kennysheep_generic_room_13, uniq_pikel

Skill      XL: |  1  2  3  4  5  6 |
---------------+-------------------+-----
Short Blades   | 1 2 |  2.1
Long Blades    | 1 2 |  2.1
Axes           | 1 2 |  2.1
Maces & Flails | 1 2 |  2.1
Polearms       | 1 2 |  2.1
Staves         | 1 2 |  2.1
Ranged Weapons | 1 2 |  2.1
Throwing       | 1 2 |  2.1
Armour         | 1 2 |  2.1
Stealth        | 1 2 |  2.1
Shields        | 1 2 |  2.1
Spellcasting   | 1 2 |  2.1
Invocations    | 1 2 |  2.3
Evocations     | 1 2 |  2.1
Conjurations   | 1 |  1.6
Hexes          | 1 |  1.6
Summonings     | 1 |  1.6
Necromancy     | 1 |  1.6
Translocations | 1 |  1.6
Transmutations | 1 |  1.6
Fire Magic     | 1 |  1.6
Ice Magic      | 1 |  1.6
Air Magic      | 1 |  1.6
Earth Magic    | 1 |  1.6
Poison Magic   | 1 |  1.6
Shapeshifting  | 1 |  1.9
Fighting       | |  6.9
Dodging        | |  6.9
Unarmed Combat | |  6.9

Action                     |  1- 3 |  4- 6 || total
---------------------------+-------+-------++-------
  Melee: Dagger            |    35 |       ||    35
         Bite              |    11 |    11 ||    22
         Unarmed           |     7 |       ||     7
         Long sword        |    35 |    69 ||   104
         Staff             |       |    54 ||    54
  Evoke: Wand              |       |     1 ||     1
    Use: Potion            |       |     1 ||     1
 Armour: Robe              |    10 |       ||    10
         Leather armour    |     7 |    69 ||    76
         Skin              |       |    47 ||    47
  Dodge: Dodged            |    44 |    80 ||   124

Table legend: (Time is in decaauts)
 A = Elapsed time spent in this place.
 B = Non-inter-level travel time spent in this place.
 C = Inter-level travel time spent in this place.
 D = Time resting spent in this place.
 E = Time spent auto-exploring this place.
 F = Levels seen in this place.
 G = Mean time per level.
                   A        B        C        D        E       F      G
               +--------+--------+--------+--------+--------+-----+--------+
         Total |   2821 |   2759 |     62 |    122 |   1833 |   4 |  705.2 |
       Dungeon |   2821 |   2759 |     62 |    122 |   1833 |   4 |  705.2 |
               +--------+--------+--------+--------+--------+-----+--------+

Top non-repeatable levels by time:
     D:3: 1055 daAuts
     D:2: 877 daAuts
     D:1: 843 daAuts
     D:4: 44 daAuts
